 Dungeon Crawl Stone Soup version 0.30.0-5-g1a98f26d00 (webtiles) character file.

Game seed: 7426672736375263661

1666 Sanktem7 the Cleaver (level 8, 0/73 HPs)
             Began as a Minotaur Fighter on May 10, 2023.
             Was an Elder of Okawaru.
             Slain by a gnoll sergeant
             ... wielding a +2 trident of venom
              (8 damage)
             ... on level 5 of the Dungeon.
             The game lasted 00:06:02 (4006 turns).

Sanktem7 the Cleaver (Minotaur Fighter)             Turns: 4006, Time: 00:06:02

Health: 0/73       AC: 14    Str: 26    XL:     8   Next: 69%
Magic:  7/7        EV:  7    Int:  5    God:    Okawaru [****..]
Gold:   279        SH:  5    Dex: 11    Spells: 7/7 levels left

rFire   + . .        a - +0 war axe
rCold   . . .        c - +0 buckler
rNeg    . . .        f - +0 plate armour
rPois   .            (helmet restricted)
rElec   .            p - +0 cloak
rCorr   .            (no gloves)
SInv    +            (no boots)
Will    .....        m - amulet of regeneration Stlth
                     n - ring "Hookit Quoh" {Fire Str+4}
HPRegen 1.12/turn    s - ring of the Dolphin {Fly rC+ SInv}
MPRegen 0.10/turn

%: no passive effects
@: lethally poisoned (0 -> -15), flying
A: horns 2, retaliatory headbutt
a: Renounce Religion, Heroism, Finesse


You were on level 5 of the Dungeon.
You worshipped Okawaru.
Okawaru was greatly pleased with you.
You visited 1 branch of the dungeon, and saw 5 of its levels.

You collected 279 gold pieces.

Inventory:

Hand Weapons
 a - a +0 war axe (weapon)
Armour
 c - a +0 buckler (worn)
 f - a +0 plate armour (worn)
 p - a +0 cloak (worn)
Jewellery
 m - an amulet of regeneration (around neck)
 n - the ring "Hookit Quoh" (left hand) {Fire Str+4}
   (You found it on level 2 of the Dungeon)

   [ring of fire]

   It enhances your fire magic.
   Str:       It affects your strength (+4).
   rF:        It protects you from fire.
   rC:        It makes you vulnerable to cold.
 s - the ring of the Dolphin (right hand) {Fly rC+ SInv}
   (You found it on level 3 of the Dungeon)

   [ring of flight]

   rC:        It protects you from cold.
   SInv:      It lets you see invisible.
   Fly:       It grants you flight.
 y - a ring of poison resistance
Wands
 r - a wand of charming (4)
 t - a wand of polymorph (10)
Scrolls
 e - 4 scrolls of identify {unknown}
 i - 3 scrolls of noise {unknown}
 k - 2 scrolls of fear {unknown}
 o - 3 scrolls of magic mapping {unknown}
 q - a scroll of blinking {unknown}
 u - a scroll of fog {unknown}
 w - a scroll of vulnerability {unknown}
 x - a scroll of teleportation {unknown}
 B - a scroll of poison {unknown}
Potions
 b - 4 potions of lignification {unknown}
 d - a potion of might
 g - 2 potions of cancellation {unknown}
 h - 3 potions of curing {unknown}
 j - a potion of flight {unknown}
 l - 3 potions of berserk rage {unknown}
 v - 2 potions of attraction {unknown}
 z - a potion of mutation {unknown}
 A - a potion of haste {unknown}
 C - a potion of magic {unknown}
 D - a potion of resistance {unknown}
 E - a potion of brilliance {unknown}


   Skills:
 + Level 7.0 Fighting
 + Level 9.5 Axes
 + Level 6.8 Armour
 + Level 0.5 Dodging
 + Level 0.4 Stealth
 + Level 5.6 Shields


You had 7 spell levels left.
You didn't know any spells.
Your spell library contained the following spells:

 Spells                   Type           Power      Damage    Failure   Level
 Freeze                   Ice            0%         1d3       100%        1
 Shock                    Conj/Air       0%         1d3       100%        1
 Cigotuvi's Dreadful Rot  Necr/Pois/Air  0%         N/A       100%        2
 Frozen Ramparts          Ice            0%         1d1       100%        3
 Hailstorm                Conj/Ice       0%         3d3       100%        3
 Swiftness                Air            0%         N/A       100%        3
 Airstrike                Air            0%         2d(0-16)  100%        4
 Dispel Undead            Necr           0%         3d6       100%        4
 Death Channel            Necr           Unusable   N/A       N/A         6

Dungeon Overview and Level Annotations

Branches:
Dungeon (5/15)
 Temple: D:4-7

Altars:
Cheibriados
Okawaru
Ru
Trog
Wu Jian
Lugonu

Portals:
Abyss: D:3

Annotations:
D:3 2 runed translucent doors


Innate Abilities, Weirdness & Mutations

You have a pair of horns on your head.
You reflexively headbutt those who attack you in melee.


Message History

You see here a +0 halberd.
You hit the gnoll but do no damage.
You headbutt the gnoll, but do no damage.
You feel very sick.
The gnoll sergeant hits you from afar with a +2 trident of venom.
You are more poisoned.
You slash the gnoll! You headbutt the gnoll.
You kill the gnoll!
Okawaru accepts your kill.
You feel very sick.
The gnoll sergeant hits you from afar with a +2 trident of venom.
You are more poisoned.
You feel extremely sick.
The gnoll sergeant hits you with a +2 trident of venom!
You are too injured to fight recklessly!
You are too injured to fight recklessly!
You are too injured to fight recklessly!
You are too injured to fight recklessly!
You are too injured to fight recklessly!
You are too injured to fight recklessly!
You are too injured to fight recklessly!
A gnoll sergeant is nearby!
A gnoll sergeant is nearby!
You are too injured to fight recklessly!
You slash the gnoll sergeant!
The gnoll sergeant is heavily wounded.
You feel very sick. You block the gnoll sergeant's attack.
You barely miss the gnoll sergeant. You headbutt the gnoll sergeant!
The gnoll sergeant is almost dead.
You feel very sick.
The gnoll sergeant hits you with a +2 trident of venom.
* * * LOW HITPOINT WARNING * * *
You are lethally poisoned!
The gnoll sergeant blocks your attack.
The gnoll sergeant is almost dead.
* * * LOW HITPOINT WARNING * * *
You feel extremely sick.
The gnoll sergeant hits you with a +2 trident of venom!
You die...

#### ###+####...#
#..........#
#..........#
#...)......#........#
#...)@g....#........#
#..)####...#........#
#...#########.......#
#.....#.....#.......#
#.....#.....#.......#
#.....#.....#.......##
#.....'.....#.........
#.....#.....#.........
#.....#.....#.........


You could see a gnoll sergeant.

Vanquished Creatures
  Pikel (D:4)
  Duvessa (D:4)
  A water moccasin (D:5)
  An orc warrior (D:5)
  2 centaurs (D:5)
  A lemure (D:4)
  3 scorpions
  Dowan (D:4)
  A hound (D:5)
  3 jellies (D:5)
  Crazy Yiuf (D:3)
  An iguana (D:5)
  7 orc wizards
  4 gnolls
  9 adders
  2 worms
  4 dart slugs
  13 orcs
  5 endoplasms
  4 giant cockroaches
  7 goblins
  7 hobgoblins
  A jackal (D:4)
  9 kobolds
  2 quokkas (D:4)
  6 ball pythons
  6 bats
  10 frilled lizards
  3 rats
116 creatures vanquished.

Notes
Turn   | Place    | Note
-------+----------+-------------------------------------------
     0 | D:1      | Sanktem7 the Minotaur Fighter began the quest for the Orb.
     0 | D:1      | Reached XP level 1. HP: 19/19 MP: 0/0
   182 | D:1      | Reached XP level 2. HP: 27/27 MP: 1/1
  1096 | D:2      | Reached XP level 3. HP: 25/33 MP: 2/2
  1205 | D:2      | Identified the ring "Hookit Quoh" {Fire Str+4}
  1620 | D:3      | Found a faded altar of an unknown god.
  1656 | D:3      | Identified the ring of the Dolphin {Fly rC+ SInv}
  1663 | D:3      | Identified the +1 chain mail of Experimentation {rN+ Slay+2
                  | Stlth-}
  1755 | D:3      | Found a runed translucent door.
  1756 | D:3      | Noticed Crazy Yiuf
  1777 | D:3      | Reached skill level 3 in Axes
  1777 | D:3      | Reached XP level 4. HP: 40/40 MP: 3/3
  1777 | D:3      | Found a large runed translucent door.
  1777 | D:3      | Found a large runed translucent door.
  2125 | D:3      | Found a one-way gate to the infinite horrors of the Abyss.
  2188 | D:3      | Found an ornate altar of the Wu Jian Council.
  2219 | D:3      | Found an iron altar of Okawaru.
  2234 | D:3      | Became a worshipper of Warmaster Okawaru
  2474 | D:3      | Found a corrupted altar of Lugonu.
  2570 | D:3      | Killed Crazy Yiuf
  2657 | D:4      | Reached skill level 4 in Axes
  2791 | D:4      | Reached XP level 5. HP: 46/47 MP: 4/4
  2843 | D:4      | Noticed a lemure
  2845 | D:4      | Noticed a lemure
  2849 | D:4      | Noticed Pikel
  2851 | D:4      | Noticed Dowan
  2851 | D:4      | Noticed a lemure
  2855 | D:4      | Killed a lemure
  2855 | D:4      | Noticed a lemure
  2856 | D:4      | Killed Dowan
  2857 | D:4      | Reached skill level 5 in Fighting
  2860 | D:4      | Killed Pikel
  2860 | D:4      | Reached * piety under Okawaru
  2860 | D:4      | Reached ** piety under Okawaru
  2861 | D:4      | Reached skill level 6 in Axes
  2861 | D:4      | Reached skill level 5 in Armour
  2861 | D:4      | Reached XP level 6. HP: 19/57 MP: 5/5
  2861 | D:4      | Reached XP level 7. HP: 20/62 MP: 6/6
  2873 | D:4      | Reached skill level 7 in Axes
  2889 | D:4      | Reached skill level 5 in Shields
  2949 | D:4      | Noticed Duvessa
  2960 | D:4      | Killed Duvessa
  3023 | D:4      | Reached *** piety under Okawaru
  3233 | D:4      | Found a snail-covered altar of Cheibriados.
  3402 | D:5      | Entered Level 5 of the Dungeon
  3486 | D:5      | Reached XP level 8. HP: 66/71 MP: 7/7
  3528 | D:5      | Reached skill level 8 in Axes
  3661 | D:5      | Reached **** piety under Okawaru
  3662 | D:5      | Reached skill level 9 in Axes
  3756 | D:5      | Found a bloodstained altar of Trog.
  3876 | D:5      | Found a sacrificial altar of Ru.
  4006 | D:5      | Slain by a gnoll sergeant

Illustrated notes

Levels and vault maps discovered:
D:1:      amcnicky_arrival_wind_blow, layout_basic
D:2:      layout_loops_ring, grunt_decor_junction
D:3:      due_chaos_kobolds, layout_basic, okawaru_altar_gauntlet_db,
          nzn_wu_jian_council_hall, hellmonk_ecumenical_altar_lost_god,
          st_stairs_8, uniq_crazy_yiuf_cottage
D:4:      cheibrodos_old_hovel, layout_rooms, slow_altar_2, minmay_vboxes,
          uniq_duvessa, uniq_pikel
D:5:      layout_gridville, lemuel_crystal_altar,
          nicolae_ru_great_annihilating_truth

Skill      XL: |  1  2  3  4  5  6  7  8 |
---------------+-------------------------+-----
Shields        | 4 5 |  5.6
Armour         | 4 5 6 |  6.8
Fighting       | 4 5 6 7 |  7.0
Axes           | 3 4 6 7 9 |  9.5
Dodging        | |  0.5
Stealth        | |  0.4

Action                     |  1- 3 |  4- 6 |  7- 9 || total
---------------------------+-------+-------+-------++-------
  Melee: War axe           |    85 |    56 |   142 ||   283
         Headbutt          |     5 |     7 |    31 ||    43
   Stab: Paralysed         |       |       |     1 ||     1
 Armour: Scale mail        |     2 |       |       ||     2
         Plate armour      |    50 |    43 |    82 ||   175
  Dodge: Dodged            |    26 |    21 |    49 ||    96
  Block: Buckler           |    24 |    11 |    31 ||    66
